 Dungeon Crawl Stone Soup version 0.23.2-40-g277498a001 (webtiles) character file.

Game seed: 14258312490388054557

3409 Clehvi the Archer (level 9, 0/81 HPs)
             Began as a Centaur Arcane Marksman on Oct 12, 2019.
             Was a Believer of Okawaru.
             Slain by an orc
             ... wielding a +1 trident of flaming
              (3 damage)
             ... on level 8 of the Dungeon.
             The game lasted 01:24:30 (12297 turns).

Clehvi the Archer (Centaur Arcane Marksman)        Turns: 12297, Time: 01:24:30

Health: 0/81       AC:  5    Str: 12    XL:     9   Next: 75%
Magic:  10/10      EV: 10    Int: 12    God:    Okawaru [**....]
Gold:   307        SH:  0    Dex: 14    Spells: 7/10 levels left

rFire    . . .     SeeInvis .   d - +2 scimitar (freeze)
rCold    . . .     Gourm    .   (no shield)
rNeg     . . .     Faith    .   F - +1 robe
rPois    .         Spirit   .   (no helmet)
rElec    .         Reflect  .   (no cloak)
rCorr    .         Harm     .   (no gloves)
MR       .....                  (no barding)
Stlth    +.........             (no amulet)
HPRegen  0.23/turn              (no ring)
MPRegen  0.12/turn              (no ring)

@: slowed, invisible
A: large, hooves 3, deformed body, speed 2, tough skin 3
a: Heroism, Renounce Religion


You were on level 8 of the Dungeon.
You worshipped Okawaru.
Okawaru was pleased with you.
You were not hungry.

You visited 2 branches of the dungeon, and saw 9 of its levels.

You collected 353 gold pieces.
You spent 46 gold pieces at shops.

Inventory:

Hand Weapons
 d - a +2 scimitar of freezing (weapon)
 p - a +0 hunting sling
 H - a +0 war axe
 M - a +4 shortbow
Missiles
 h - 211 stones
 i - 20 poisoned needles
 q - 19 tomahawks (quivered)
 r - 70 sling bullets
 A - 3 throwing nets
 I - 41 arrows
Armour
 F - a +1 robe (worn)
Jewellery
 n - a cursed ring of attention {unknown}
Wands
 e - a wand of random effects (16)
 g - a wand of iceblast (6)
 w - a wand of enslavement (22)
 J - a wand of acid (10)
Scrolls
 a - a scroll of noise {unknown}
 b - 3 scrolls of teleportation
 c - 2 scrolls of enchant armour {unknown}
 j - 2 scrolls of identify
 l - 5 scrolls of remove curse
 m - 2 scrolls of magic mapping
 o - 2 scrolls of fear {unknown}
 v - 2 scrolls of blinking {unknown}
 y - 2 scrolls of fog {unknown}
 B - 2 scrolls of enchant weapon
 D - 2 scrolls of amnesia
 L - a scroll of holy word {unknown}
Potions
 k - 2 potions of flight
 s - 3 potions of curing
 t - 2 potions of berserk rage
 u - 2 potions of might
 x - a potion of haste {unknown}
 z - 2 potions of heal wounds
 E - 3 potions of mutation
Comestibles
 f - 8 rations


   Skills:
 + Level 8.2 Fighting
 - Level 0.6 Long Blades
 - Level 1.2 Axes
   Level 0.3(0.8) Maces & Flails
 - Level 2.0(2.1) Slings
 + Level 12.6 Bows
 - Level 0.4(1.3) Throwing
 - Level 1.1 Armour
 - Level 2.0 Dodging
 - Level 0.4 Stealth
 + Level 1.1 Spellcasting
 * Level 4.0 Hexes


You had 7 spell levels left.
You knew the following spells:

 Your Spells              Type           Power        Failure   Level  Hunger
a - Corona                Hex            ##.....      5%          1    ##.....
b - Slow                  Hex            ##......     9%          2    ###....

Your spell library contained the following spells:

 Spells                   Type           Power        Failure   Level  Hunger
 Sting                    Conj/Pois      #...         30%         1    ##.....
 Summon Small Mammal      Summ           #...         30%         1    ##.....
 Inner Flame              Hex/Fire       #.......     36%         3    ####...
 Portal Projectile        Hex/Tloc       #.....       36%         3    ####...
 Summon Guardian Golem    Hex/Summ       #.......     36%         3    ####...
 Call Imp                 Summ           #.......     41%         2    ###....
 Poisonous Vapours        Pois/Air       #.....       41%         2    ###....
 Cause Fear               Hex            ##........   50%         4    #####..
 Call Canine Familiar     Summ           #.......     65%         3    ####...
 Mephitic Cloud           Conj/Pois/Air  #.......     65%         3    ####...
 Leda's Liquefaction      Hex/Erth       #.........   78%         4    #####..
 Olgreb's Toxic Radiance  Pois           #.......     96%         4    #####..
 Summon Ice Beast         Ice/Summ       #.......     96%         4    #####..
 Summon Lightning Spire   Summ/Air       #.......     96%         4    #####..
 Venom Bolt               Conj/Pois      #.........   100%        5    ######.


Dungeon Overview and Level Annotations

Branches:
Dungeon (8/15)             Temple (1/1) D:4
   Lair: D:8-11

Altars:
Cheibriados
Fedhas
Gozag
Hepliaklqana
Kikubaaqudgha
Nemelex Xobeh
Okawaru
Ru
Uskayaw
Xom
Yredelemnul
The Shining One

Shops:
D:5 (

Annotations:
D:7 2 runed translucent doors, exclusion: 2 doors, Kavlax's ghost, novice MiBe


Innate Abilities, Weirdness & Mutations

You have hooves in place of feet.
Armour fits poorly on your strangely shaped body.
You cover ground very quickly.
You have extremely tough skin. (AC +3)


Message History

The centaur is heavily wounded.
The centaur barely misses you.
The orc hits you from afar with a +1 trident of flaming!
* * * LOW HITPOINT WARNING * * *
The orc burns you.
* * * LOW HITPOINT WARNING * * *
The centaur closely misses you. The orc barely misses you.
The centaur barely misses you.
You fade into invisibility!
The centaur barely misses you.
You riposte.
The orc shouts!
You slash the centaur! You freeze the centaur.
You kill the centaur!
Okawaru accepts your kill.
The orc hits you from afar with a +1 trident of flaming!
* * * LOW HITPOINT WARNING * * *
The orc burns you.
* * * LOW HITPOINT WARNING * * *
The orc hits you from afar with a +1 trident of flaming.
You die...

*,* #.,****,....#.# #.# *,* #.,*
**#.#.#.# #.# *,**#..*
#.#.#.###.########### ,,,*#..*
#.#.#...#...(.ยง(((((.
,,,##..######.#......o.##########
,,,#......).........o.........,,,
,,>#......###.##.......#######***
,,,#...#..<##.###)..#..#
,.............o.@).....#
,..#####.#.##.###...##.#
*****,..###............#
*****.##,*,...###.#.####
,,,..,,,,,,...# #.#.#
***#*,***,*...# #.#.#******** *,*
*,*#.##*#.#.#,,,,,,,***** *,*
*,,,,,,,.....,*****,,,,,, *,*
****,,,,,,,,*** *******


You could see 3 orcs.

Vanquished Creatures
  Pikel (D:5)
  Sigmund (D:4)
  A slave (D:6)
  2 sky beasts
  A black bear (D:5)
  2 orc warriors
  An eye of draining (D:7)
  5 ogres
  2 phantoms
  3 centaurs
  4 bullfrogs
  2 scorpions
  8 wights
  A howler monkey (D:4)
  A crimson imp (D:7)
  A quasit (D:7)
  2 jellies (D:5)
  2 bullfrog skeletons
  A hound (D:7)
  3 orc priests
  A centaur skeleton (D:7)
  An iguana (D:6)
  3 orc wizards
  5 worker ants
  A worker ant zombie (D:3)
  4 adders
  3 gnolls (D:5)
  2 shadow imps
  An ooze (D:7)
  An adder skeleton (D:5)
  2 worms
  3 dart slugs (D:1)
  6 leopard geckos
  26 orcs
  5 giant cockroaches
  9 hobgoblins
  8 jackals
  3 quokkas
  2 ball pythons
  5 bats
  7 frilled lizards
  9 goblins
  9 kobolds
  A leopard gecko skeleton (D:4)
  A leopard gecko zombie (D:5)
  6 rats
168 creatures vanquished.

Vanquished Creatures (others)
  A wight (D:6)
  An orc wizard (D:4)
2 creatures vanquished.

Grand Total: 170 creatures vanquished

Notes
Turn   | Place    | Note
-------+----------+-------------------------------------------
     0 | D:1      | Clehvi the Centaur Arcane Marksman began the quest for the
                  | Orb.
     0 | D:1      | Reached XP level 1. HP: 16/16 MP: 2/2
   189 | D:1      | Reached XP level 2. HP: 23/23 MP: 3/3
   196 | D:1      | Reached skill level 3 in Bows
   843 | D:2      | Reached XP level 3. HP: 27/28 MP: 4/4
  1157 | D:2      | Found a basalt altar of Yredelemnul.
  1261 | D:2      | Found an opulent altar of Gozag.
  1912 | D:3      | Noticed a sky beast
  2032 | D:3      | Reached skill level 4 in Bows
  2032 | D:3      | Reached XP level 4. HP: 27/36 MP: 5/5
  2174 | D:4      | Noticed an ogre
  2409 | D:3      | Found a sparkling altar of Nemelex Xobeh.
  2876 | D:3      | Reached skill level 1 in Axes
  3326 | D:3      | Killed a sky beast
  3326 | D:3      | Reached skill level 1 in Armour
  3326 | D:3      | Reached XP level 5. HP: 35/41 MP: 6/6
  4197 | D:4      | Reached XP level 6. HP: 46/50 MP: 7/7
  4265 | D:4      | Found a hide-covered altar of Uskayaw.
  4268 | D:4      | Found a glowing golden altar of the Shining One.
  4310 | D:4      | Reached skill level 5 in Bows
  4585 | D:4      | Found a shimmering altar of Xom.
  4692 | D:4      | Noticed Sigmund
  4733 | D:4      | Found a staircase to the Ecumenical Temple.
  4950 | D:5      | Entered Level 5 of the Dungeon
  5082 | D:5      | Reached XP level 7. HP: 51/60 MP: 8/8
  5398 | D:4      | Killed Sigmund
  5398 | D:4      | Reached skill level 5 in Fighting
  5398 | D:4      | Reached skill level 6 in Bows
  5614 | Temple   | Entered the Ecumenical Temple
  5638 | Temple   | Became a worshipper of Warmaster Okawaru
  6141 | D:5      | Found Moxt's Weapon Shop.
  6524 | D:5      | Reached skill level 7 in Bows
  6837 | D:4      | Reached XP level 8. HP: 48/70 MP: 9/9
  7022 | D:5      | Reached skill level 8 in Bows
  7082 | D:5      | Reached * piety under Okawaru
  7300 | D:5      | Reached skill level 9 in Bows
  7934 | D:5      | Bought 23 arrows for 46 gold pieces
  8205 | D:6      | Noticed Pikel
  8463 | D:5      | Killed Pikel
  8463 | D:5      | Reached skill level 10 in Bows
  8661 | D:5      | Reached skill level 11 in Bows
  8661 | D:5      | Reached XP level 9. HP: 70/78 MP: 10/10
  8743 | D:6      | Found an ancient bone altar of Kikubaaqudgha.
  9913 | D:6      | Reached ** piety under Okawaru
 10331 | D:7      | Found a hazy altar of Hepliaklqana.
 10370 | D:7      | Learned a level 2 spell: Slow
 11008 | D:7      | Found a large runed translucent door.
 11009 | D:7      | Found a large runed translucent door.
 11019 | D:7      | Noticed Kavlax's ghost (novice MiBe)
 11143 | D:7      | Reached skill level 12 in Bows
 12293 | D:8      | HP: 4/81 [orc/+1 trident of flaming (3)]
 12294 | D:8      | HP: 1/81 [orc/+1 trident of flaming (1)]
 12297 | D:8      | Slain by an orc

Skill      XL: |  1  2  3  4  5  6  7  8  9 |
---------------+----------------------------+-----
Hexes          | 3 4 |  4.0
Bows           | 3 4 5 7 11 12 | 12.6
Axes           | 1 |  1.2
Dodging        | 2 |  2.0
Fighting       | 2 4 5 6 8 |  8.2
Slings         | 2 |  2.0
Armour         | 1 |  1.1
Long Blades    | |  0.6
Maces & Flails | |  0.3
Throwing       | |  0.4
Stealth        | |  0.4
Spellcasting   | |  1.1

Action                   |  1- 3 |  4- 6 |  7- 9 || total
-------------------------+-------+-------+-------++-------
Melee: Hand axe          |    67 |    96 |     7 ||   170
       Kick              |     9 |    21 |    34 ||    64
       Shortbow          |       |     2 |       ||     2
       Flail             |       |       |    65 ||    65
       Scimitar          |       |       |    55 ||    55
 Fire: Shortbow          |    77 |    26 |   422 ||   525
       Hunting sling     |    11 |   107 |    11 ||   129
Throw: Tomahawk          |     5 |    14 |    51 ||    70
       Stone             |       |    24 |     1 ||    25
 Cast: Corona            |     1 |       |     1 ||     2
       Slow              |       |       |     4 ||     4
  Use: Scroll            |       |     3 |    10 ||    13
       Potion            |       |       |     4 ||     4
  Eat: Chunk             |     2 |     4 |    15 ||    21
       Ration            |       |     1 |     1 ||     2
Armor: Robe              |    16 |     4 |    50 ||    70
       Ring mail         |    15 |    46 |       ||    61
Dodge: Dodged            |    47 |    66 |   110 ||   223
       Rpst.: Scimitar   |       |       |    10 ||    10
